 Dungeon Crawl Stone Soup version 0.30-a0-1075-gcd70e7a56d (webtiles) character file.

Game seed: 2879889985361175950

1275 retardedninja the Trooper (level 8, -2/76 HPs)
             Began as a Naga Fighter on Apr 14, 2023.
             Killed by divine providence
             ... invoked by an orc priest
              (12 damage)
             ... on level 5 of the Dungeon.
             The game lasted 00:07:25 (5184 turns).

retardedninja the Trooper (Naga Fighter)            Turns: 5184, Time: 00:07:26

Health: -2/76      AC: 10    Str: 21    XL:     8   Next: 53%
Magic:  8/8        EV:  6    Int:  9    God:
Gold:   177        SH: 10    Dex: 10    Spells: 7/7 levels left

rFire   . . .      SeeInvis +    a - +0 war axe
rCold   . . .      Faith    .    c - +0 buckler
rNeg    + . .      Spirit   .    g - +0 chain mail
rPois   +          Reflect  +    k - +2 hat
rElec   .          Rampage  .    (no cloak)
rCorr   .                        (no gloves)
Will    +....                    (no barding) Stlth
                                 i - amulet of reflection
HPRegen 0.32/turn                l - ring of positive energy
MPRegen 0.11/turn                (no ring)

@: very slow
A: AC +2, large, see invisible, deformed body, poison resistance, slowness 2,
spit poison 1, naga tail 1
a: Spit Poison


You were on level 5 of the Dungeon.
You visited 1 branch of the dungeon, and saw 5 of its levels.

You collected 177 gold pieces.

Inventory:

Hand Weapons
 a - a +0 war axe (weapon)
Armour
 c - a +0 buckler (worn)
 g - a +0 chain mail (worn)
 k - a +2 hat (worn)
 v - a +0 barding
Jewellery
 i - an amulet of reflection (around neck)
 l - a ring of positive energy (left hand)
 q - an amulet of reflection
 y - a +6 ring of intelligence
Wands
 d - a wand of flame (20)
Scrolls
 e - 4 scrolls of teleportation
 f - a scroll of blinking
 h - a scroll of silence {unknown}
 j - a scroll of enchant weapon {unknown}
 n - a scroll of amnesia {unknown}
 r - 2 scrolls of identify
 s - a scroll of poison {unknown}
 u - a scroll of brand weapon {unknown}
 w - a scroll of noise {unknown}
Potions
 b - 2 potions of curing {unknown}
 m - 2 potions of mutation
 o - 2 potions of brilliance {unknown}
 p - a potion of flight {unknown}
 t - 2 potions of attraction
 x - a potion of haste {unknown}
 z - a potion of degeneration {unknown}
 A - a potion of resistance


   Skills:
 + Level 5.8 Fighting
 + Level 5.3 Axes
 + Level 4.8 Armour
 + Level 5.3 Shields


You had 7 spell levels left.
You didn't know any spells.
Your spell library contained the following spells:

 Spells                   Type           Power      Damage    Failure   Level
 Ensorcelled Hibernation  Hex/Ice        0%         N/A       99%         2
 Poisonous Vapours        Pois/Air       0%         N/A       99%         2
 Mephitic Cloud           Conj/Pois/Air  0%         N/A       100%        3
 Spider Form              Tmut/Pois      0%         N/A       100%        3
 Summon Guardian Golem    Hex/Summ       0%         N/A       100%        3
 Anguish                  Hex/Necr       0%         N/A       100%        4
 Freezing Cloud           Conj/Ice/Air   0%         6-21      100%        5
 Orb of Destruction       Conj           0%         9d5       100%        7
 Spellforged Servitor     Conj/Summ      0%         N/A       100%        7


Dungeon Overview and Level Annotations

Branches:
Dungeon (5/15)
 Temple: D:4-7

Altars:
Ashenzari
Dithmenos
Fedhas
Trog
Vehumet
Yredelemnul

Annotations:
D:3 1 runed translucent door, Crazy Yiuf
D:5 3 runed translucent doors, exclusion: statue, mandarbmax's ghost, novice TeAE


Innate Abilities, Weirdness & Mutations

Your serpentine skin is tough. (AC +2)
You have supernaturally acute eyesight. (SInv)
Armour fits poorly on your strangely shaped body.
Your system is resistant to poisons. (rPois)
You cover ground very slowly.
You can spit poison.
You have a snake-like lower body.


Message History

The orc priest is almost dead.
The orc priest hits you with a +0 flail!
* * * LOW HITPOINT WARNING * * *
The orc priest begins to cast a cantrip, but forgets the words!
Unknown command.
You barely miss the orc priest.
The orc priest is almost dead.
The orc priest hits you with a +0 flail.
* * * LOW HITPOINT WARNING * * *
You feel much better.
The orc priest hits you with a +0 flail!
The orc barely misses you.
The orc wizard hits you but does no damage.
You hit the orc priest.
The orc priest is almost dead.
You slash the orc priest! You barely miss the orc wizard. You hit the orc.
The orc hits you with a +0 mace. The orc priest barely misses you.
The orc priest mumbles some strange prayers to Beogh against you.
Beogh smites you!
* * * LOW HITPOINT WARNING * * *
The orc wizard hits you but does no damage.
You hit the orc priest.
You kill the orc priest!
You hit the orc priest but do no damage.
You slash the orc wizard! You barely miss the orc.
You block the orc wizard's attack.
The orc priest calls down the wrath of Beogh upon you.
Beogh smites you!
* * * LOW HITPOINT WARNING * * *
The orc hits you but does no damage.
You hear a shout!
Blink to where?
Press: ? - help, Q - select action, (/) - cycle Dir - move target An orc comes into view.
It is wielding a +0 club.
As you read the scroll of blinking, it crumbles to dust.
The orc shouts!
An orc comes into view. It is wielding a +0 short sword.
The orc priest mumbles some strange prayers to Beogh against you.
Beogh smites you!
You die...

.........#
#.^.............. .###....#
#................
.###..).####....#.###....88
.###....'.......#..........
##......####....#####..###.
#.......#####.##...#...####
.#.....#......##...#...##..
###...#.###..##...#...##.#
..#..#.#@#..##[..#...##.#
#...###....#..##...#...##.#
#...#.....o#...'.......##.#
.###...###o#.###...##..#...
.....#....#.# ######.....#
...###...##.# #######
..#...#.o...# ###...#...###
..#...#o#.# #


You could see an orc priest and 2 orcs.

Vanquished Creatures
  Pikel (D:5)
  A human (D:3)
  An ogre (D:5)
  A scorpion (D:5)
  The ghost of jtron the Caller, a weakling GnWn (D:4)
  A jelly (D:4)
  3 orc priests
  2 hounds (D:5)
  Jessica (D:2)
  A sleepcap (D:5)
  A gnoll bouda (D:4)
  An iguana (D:4)
  5 gnolls (D:4)
  4 adders
  A shadow imp (D:5)
  A worm (D:3)
  4 dart slugs
  13 orcs
  8 ball pythons
  8 bats
  6 endoplasms
  8 giant cockroaches
  11 hobgoblins
  11 jackals
  10 kobolds
  3 quokkas
  2 frilled lizards (D:1)
  9 goblins
  2 rats
121 creatures vanquished.

Vanquished Creatures (others)
  A wizard (D:3)
  2 withered plants (D:4)
3 creatures vanquished.

Grand Total: 124 creatures vanquished

Notes
Turn   | Place    | Note
-------+----------+-------------------------------------------
     0 | D:1      | retardedninja the Naga Fighter began the quest for the Orb.
     0 | D:1      | Reached XP level 1. HP: 21/21 MP: 1/1
    69 | D:1      | Reached XP level 2. HP: 22/28 MP: 2/2
   305 | D:1      | Reached XP level 3. HP: 30/34 MP: 3/3
   974 | D:2      | Reached XP level 4. HP: 34/42 MP: 4/4
  1022 | D:2      | Noticed Jessica
  1030 | D:2      | Killed Jessica
  1536 | D:3      | Found a broken altar of Ashenzari.
  1630 | D:3      | Found a runed translucent door.
  1631 | D:3      | Noticed Crazy Yiuf
  1672 | D:3      | Reached XP level 5. HP: 47/50 MP: 5/5
  1797 | D:3      | Found a runed translucent door.
  1797 | D:3      | Noticed a human
  1798 | D:3      | Found a basalt altar of Yredelemnul.
  1845 | D:3      | Killed a human
  1846 | D:3      | Reached XP level 6. HP: 18/57 MP: 6/6
  2538 | D:3      | Found a bloodstained altar of Trog.
  2541 | D:3      | Noticed a wizard
  2546 | D:3      | Killed a wizard
  2798 | D:3      | Found a shadowy altar of Dithmenos.
  3708 | D:4      | Reached XP level 7. HP: 57/66 MP: 7/7
  3963 | D:4      | Found a runed translucent door.
  3963 | D:4      | Noticed jtron's ghost (weakling GnWn)
  4093 | D:4      | Found a blossoming altar of Fedhas.
  4286 | D:4      | Killed jtron's ghost
  4317 | D:5      | Entered Level 5 of the Dungeon
  4483 | D:5      | Reached skill level 5 in Fighting
  4581 | D:5      | Found a runed translucent gate.
  4581 | D:5      | Found a runed translucent gate.
  4581 | D:5      | Found a runed translucent gate.
  4582 | D:5      | Noticed mandarbmax's ghost (novice TeAE)
  4602 | D:5      | Found a radiant altar of Vehumet.
  4729 | D:5      | Noticed Pikel
  4737 | D:5      | Killed Pikel
  4738 | D:5      | Reached skill level 5 in Axes
  4738 | D:5      | Reached skill level 5 in Shields
  4738 | D:5      | Reached XP level 8. HP: 30/75 MP: 8/8
  5184 | D:5      | Killed from afar by an orc priest

Illustrated notes

Levels and vault maps discovered:
D:1:      nzn_arrival_water_spiral, layout_basic
D:2:      layout_basic, kennysheep_path_1, uniq_jessica
D:3:      layout_loops_corners, dk_yredelemnul_ordeal,
          mainiacjoe_overflow_small_starburst,
          grunt_dithmenos_smoke_and_mirrors, trog_wizard,
          uniq_crazy_yiuf_cottage
D:4:      kennysheep_big_flooded_room, layout_basic, fedhas_altar_fruit_tree,
          gammafunk_ghost_grave
D:5:      wander_river, layout_basic, vehumet_statue, slow_altar_1,
          gammafunk_ghost_necromancy, nicolae_sextant, nicolae_titane,
          uniq_pikel

Skill      XL: |  1  2  3  4  5  6  7 |
---------------+----------------------+-----
Shields        | 3 4 5 |  5.3
Armour         | 3 4 |  4.8
Axes           | 3 5 |  5.3
Fighting       | 4 5 |  5.8

Action                     |  1- 3 |  4- 6 |  7- 9 || total
---------------------------+-------+-------+-------++-------
  Melee: War axe           |   113 |   199 |   101 ||   413
  Evoke: Wand              |       |       |     1 ||     1
    Use: Scroll            |       |     5 |     1 ||     6
         Potion            |       |     2 |     1 ||     3
   Stab: Distracted        |       |     1 |       ||     1
 Armour: Chain mail        |    83 |    94 |    54 ||   231
         Scale mail        |     1 |       |       ||     1
  Dodge: Dodged            |    43 |    26 |    35 ||   104
  Block: Buckler           |    31 |   112 |    65 ||   208
         Reflection        |       |     1 |       ||     1

Table legend: (Time is in decaauts)
 A = Elapsed time spent in this place.
 B = Non-inter-level travel time spent in this place.
 C = Inter-level travel time spent in this place.
 D = Time resting spent in this place.
 E = Time spent auto-exploring this place.
 F = Levels seen in this place.
 G = Mean time per level.
                   A        B        C        D        E       F      G
               +--------+--------+--------+--------+--------+-----+--------+
         Total |   6656 |   6488 |    168 |    583 |   4787 |   5 | 1331.2 |
       Dungeon |   6656 |   6488 |    168 |    583 |   4787 |   5 | 1331.2 |
               +--------+--------+--------+--------+--------+-----+--------+

Top non-repeatable levels by time:
     D:3: 2292 daAuts
     D:4: 1365 daAuts
     D:2: 1230 daAuts
     D:5: 1078 daAuts
     D:1: 688 daAuts
